 Dungeon Crawl Stone Soup version 0.23.2-33-g5129a83184 (webtiles) character file.

Game seed: 17143783928345344931

61 Fames the Poker (level 4, 33/33 HPs)
             Began as a Formicid Skald on July 28, 2019.
             Quit the game on level 2 of the Dungeon.
             The game lasted 00:11:23 (2956 turns).

Fames the Poker (Formicid Skald)                    Turns: 2956, Time: 00:11:24

Health: 33/33      AC:  3    Str: 16    XL:     4   Next: 27%
Magic:  7/7        EV: 12    Int: 12    God:
Gold:   40         SH:  0    Dex: 11    Spells: 6/7 levels left

rFire    . . .     SeeInvis +   a - +0 spear
rCold    . . .     Gourm    .   (no shield)
rNeg     . . .     Faith    .   b - +0 leather armour
rPois    .         Spirit   .   (helmet unavailable)
rElec    .         Reflect  .   (no cloak)
rCorr    .         Harm     .   (no gloves)
MR       .....                  (no boots)
Stlth    ++........             (no amulet)
HPRegen  0.11/turn              (no ring)
MPRegen  0.10/turn              (no ring)

@: no status effects
A: permanent stasis, dig shafts and tunnels, four strong arms, antennae 3
a: Dig, Shaft Self


You were on level 2 of the Dungeon.
You were not hungry.

You visited 1 branch of the dungeon, and saw 2 of its levels.

You collected 40 gold pieces.

Inventory:

Hand Weapons
 a - a +0 spear (weapon)
 c - a +1 whip of pain
 r - a +0 hunting sling
Missiles
 f - 10 poisoned needles
 o - 57 sling bullets
Armour
 b - a +0 leather armour (worn)
 n - a +0 ring mail
Jewellery
 k - a cursed ring of attention {unknown}
Scrolls
 e - a scroll of noise {unknown}
 g - 5 scrolls of identify {unknown}
 h - a scroll of teleportation {unknown}
 j - a scroll of enchant weapon {unknown}
 l - a scroll of remove curse {unknown}
 p - a scroll of amnesia {unknown}
Potions
 i - a potion of mutation {unknown}
 m - a potion of cancellation {unknown}
 q - a potion of curing {unknown}
Comestibles
 d - a ration
 s - a chunk of flesh


   Skills:
 - Level 2.1 Fighting
 * Level 3.8 Polearms
 - Level 1.1 Armour
 - Level 1.7 Dodging
 - Level 2.1 Stealth
 - Level 2.1 Spellcasting
 - Level 3.0 Charms


You had 6 spell levels left.
You knew the following spells:

 Your Spells              Type           Power        Failure   Level  Hunger
a - Infusion              Chrm           #...         10%         1    ##.....

Your spell library contained the following spells:

 Spells                   Type           Power        Failure   Level  Hunger
 Song of Slaying          Chrm           #.......     14%         2    ###....
 Shroud of Golubria       Chrm/Tloc      #.........   26%         2    ###....
 Regeneration             Chrm/Necr      #.........   47%         3    ####...
 Spectral Weapon          Hex/Chrm       #.......     47%         3    ####...


Dungeon Overview and Level Annotations

Branches:
Dungeon (2/15)

Altars:

Annotations:
D:2 exclusions: sensed monster (detected) and 1 more exclusion


Innate Abilities, Weirdness & Mutations

You cannot be hasted, slowed, berserked, paralysed or teleported.
You can dig through walls and to a lower floor.
Your four strong arms can wield two-handed weapons with a shield.
You have a pair of large antennae on your head. (SInv)


Message History

You feel sick. The adder misses you.
You barely miss the adder.
The adder is severely wounded.
The adder misses you. The adder bites you.
You hit the adder.
You kill the adder!
You see here an adder corpse.
You feel sick.
You are no longer poisoned.
You see here an adder corpse.
You start resting.
HP restored.
You butcher the adder corpse.
s - 2 chunks of flesh You see here an adder skeleton.
Eat one of 2 chunks of flesh? (ye/n/q)
You eat one of the 2 chunks of flesh.
This raw flesh tastes terrible.
Quiver which item? (- for none, * to show all) (? for menu, Esc to quit)
Okay, then.
Are you sure you want to abandon this character and quit the game? (Confirm with "yes".)

######### #........
##################.#######
..##..................#
............รท...########
#..#..#######.#.# ##### #
{#.. #.#.# #...# #>
#.#.####...###### #.
#@#.##.^.......># #
#.#.#.........#.#
#.#.#.......#.#.#
#.#.#.........#.#
#.#.##.#...#.##.# ..#..
#.#.##.#...#.##.## .....#
#.#....#...#...... ......
#......##.#####.## #....
#####.###.# #.#


There were no monsters in sight!

Vanquished Creatures
  An adder (D:2)
  4 dart slugs
  A leopard gecko (D:1)
  4 hobgoblins
  3 jackals (D:1)
  4 kobolds
  A ball python (D:1)
  5 bats
  A frilled lizard (D:1)
  10 goblins
  7 rats
41 creatures vanquished.

Notes
Turn   | Place    | Note
-------+----------+-------------------------------------------
     0 | D:1      | Fames the Formicid Skald began the quest for the Orb.
     0 | D:1      | Reached XP level 1. HP: 16/16 MP: 3/3
    21 | D:1      | Reached skill level 1 in Stealth
   250 | D:1      | Reached XP level 2. HP: 22/22 MP: 5/5
  1057 | D:1      | Reached XP level 3. HP: 21/27 MP: 6/6
  2244 | D:2      | Found a faded altar of an unknown god.
  2522 | D:2      | Reached XP level 4. HP: 18/33 MP: 7/7
  2956 | D:2      | Quit the game

Skill      XL: |  1  2  3 |
---------------+----------+-----
Stealth        | 2 |  2.1
Polearms       | 3 |  3.8
Fighting       | |  2.1
Armour         | |  1.1
Dodging        | |  1.7
Spellcasting   | |  2.1
Charms         | |  3.0

Action                   |  1- 3 |  4- 6 || total
-------------------------+-------+-------++-------
Melee: Spear             |   141 |    26 ||   167
 Stab: Sleeping          |     2 |       ||     2
  Eat: Chunk             |     5 |     1 ||     6
Armor: Leather armour    |    23 |     4 ||    27
Dodge: Dodged            |    80 |    17 ||    97
